 Dungeon Sprint DCSS version 0.30.1-11-g7821555f0a (webtiles) character file.

Game seed: 1823200183175690369

7018 boopmooplesden the Stickfighter (level 11, -5/139 HPs)
             Began as an Ogre Gladiator on Nov 8, 2023.
             Was a High Priest of Trog.
             Slain by a komodo dragon (31 damage)
             ... in the Dungeon (Sprint IX: "|||||||||||||||||||||||||||||").
             The game lasted 00:01:44 (898 turns).

boopmooplesden the Stickfighter (Ogre Gladiator)     Turns: 898, Time: 00:01:45

Health: -5/139     AC:  3    Str: 24    XL:     11   Next: 8%
Magic:  11/11      EV: 15    Int: 12    God:    Trog [*****.]
Gold:   0          SH:  0    Dex: 10    Spells: 10/10 levels left

rFire   . . .        n - +4 quarterstaff (speed)
rCold   . . .        (shield currently unavailable)
rNeg    . . .        b - +0 robe
rPois   .            c - +0 hat
rElec   .            (no cloak)
rCorr   .            (gloves unavailable)
SInv    .            (boots unavailable)
Will    +....        (no amulet)
Stlth   +            o - +3 ring of intelligence
HPRegen 0.43/turn    p - +2 ring of evasion
MPRegen 0.12/turn

%: no teleportation
@: lethally poisoned (-5 -> -11), on berserk cooldown, slowed, very slow
A: large, unfitting armour, tough skin 1
a: Renounce Religion, Berserk, Trog's Hand, Brothers in Arms


You were in the Dungeon.
You worshipped Trog.
Trog was extremely pleased with you.
You visited 1 branch

Inventory:

Hand Weapons
 a - a +0 quarterstaff
 n - a +4 quarterstaff of speed (weapon)
Missiles
 d - a throwing net (quivered)
 e - a large rock
Armour
 b - a +0 robe (worn)
 c - a +0 hat (worn)
Jewellery
 o - a +3 ring of intelligence (left hand)
 p - a +2 ring of evasion (right hand)
Wands
 m - a wand of iceblast (10)
Scrolls
 k - 3 scrolls of blinking
 q - a scroll of fog
 r - 4 scrolls of enchant armour
 s - a scroll of fear
Potions
 f - 7 potions of curing
 g - 3 potions of heal wounds
 h - a potion of haste
 i - 4 potions of magic
 j - 2 potions of might
 l - a potion of invisibility


   Skills:
 + Level 17.1 Fighting
 + Level 18.9 Staves
 + Level 6.5 Throwing
 + Level 10.5 Dodging
 + Level 0.5 Stealth


You had 10 spell levels left.
You didn't know any spells.
Your spell library was empty.

Dungeon Overview and Level Annotations

Branches:
Dungeon (1/1)

Altars:
Cheibriados
Dithmenos
Elyvilon
Fedhas
Gozag
Hepliaklqana
Kikubaaqudgha
Makhleb
Nemelex Xobeh
Okawaru
Qazlal
Ru
Sif Muna
Trog
Uskayaw
Vehumet
Wu Jian
Xom
Yredelemnul
Zin
The Shining One
Jiyva
Lugonu


Innate Abilities, Weirdness & Mutations

You are too large for most types of armour.
You have tough skin. (AC +1)


Message History

The black mamba is severely wounded.
You feel sick. The black mamba barely misses you.
You completely miss the black mamba.
The black mamba is heavily wounded.
You feel sick. The black mamba barely misses you.
You hit the black mamba.
The black mamba is severely wounded.
You feel sick. The black mamba barely misses you.
You hit the black mamba.
The black mamba is almost dead.
You feel sick. The black mamba completely misses you.
You closely miss the black mamba.
The black mamba is almost dead.
You feel sick. The black mamba bites you.
* * * LOW HITPOINT WARNING * * *
You hit the black mamba.
The black mamba is almost dead.
You feel sick. The black mamba bites you.
* * * LOW HITPOINT WARNING * * *
You are more poisoned.
The black mamba poisons you!
You closely miss the black mamba.
The black mamba is almost dead.
You feel very sick. The black mamba bites you.
* * * LOW HITPOINT WARNING * * *
You thump the black mamba!
You kill the black mamba!
Trog accepts your kill.
You feel sick.
Your Fighting skill increases to level 17!
You feel much better.
You feel very sick. The komodo dragon closely misses you.
You closely miss the komodo dragon.
You feel sick. The komodo dragon bites you!
* * * LOW HITPOINT WARNING * * *
You sock the komodo dragon!
The komodo dragon is moderately wounded.
You feel sick. The komodo dragon bites you!!
You die...

▓.▓.▓_▓
▓.▓.▓_▓
▓.▓.▓_▓
▓.▓.▓_▓
▓.▓.▓_▓
▓'▓.▓_▓
▓†▓.▓_▓
▓.▓.▓_▓
▓@▓.▓_▓
▓l▓.▓_▓
▓.▓.▓_▓
▓.▓.▓_▓
▓.▓.▓_▓
▓.▓.▓_▓
▓.▓.▓_▓
▓+▓.▓'▓
▓.▓.▓


You could see a komodo dragon.

Vanquished Creatures
  2 centaur warriors (D)
  A boulder beetle (D)
  A death yak (D)
  A lindwurm (D)
  A black mamba (D)
  6 cane toads (D)
  An unseen horror (D)
  A polar bear (D)
  A blink frog (D)
  3 yaks (D)
  3 basilisks (D)
  A wraith (D)
  A vampire mosquito (D)
  2 centaurs (D)
  2 bullfrogs (D)
  A killer bee (D)
  A howler monkey (D)
  A hound (D)
  A sleepcap (D)
  A shadow imp (D)
  A white imp (D)
  An orc (D)
  A giant cockroach (D)
  2 hobgoblins (D)
  A ball python (D)
  A bat (D)
39 creatures vanquished.

Notes
Turn   | Place    | Note
-------+----------+-------------------------------------------
     0 | D        | boopmooplesden the Ogre Gladiator began the quest for the
                  | Orb.
     0 | D        | Reached XP level 1. HP: 22/22 MP: 1/1
    27 | D        | Noticed a hound
    27 | D        | Noticed a sleepcap
    32 | D        | Killed a hound
    33 | D        | Reached skill level 5 in Staves
    33 | D        | Reached XP level 2. HP: 12/32 MP: 2/2
    33 | D        | Reached XP level 3. HP: 15/39 MP: 3/3
    45 | D        | Reached skill level 6 in Staves
    45 | D        | Reached XP level 4. HP: 13/49 MP: 4/4
    56 | D        | Found a snail-covered altar of Cheibriados.
    56 | D        | Found a shadowy altar of Dithmenos.
    56 | D        | Found a white marble altar of Elyvilon.
    56 | D        | Found a blossoming altar of Fedhas.
    56 | D        | Found an opulent altar of Gozag.
    57 | D        | Found a hazy altar of Hepliaklqana.
    58 | D        | Found a viscous altar of Jiyva.
    59 | D        | Found an ancient bone altar of Kikubaaqudgha.
    60 | D        | Found a corrupted altar of Lugonu.
    61 | D        | Found a burning altar of Makhleb.
    62 | D        | Found a sparkling altar of Nemelex Xobeh.
    63 | D        | Found an iron altar of Okawaru.
    64 | D        | Found a stormy altar of Qazlal.
    65 | D        | Found a sacrificial altar of Ru.
    66 | D        | Found a shimmering blue altar of Sif Muna.
    67 | D        | Found a bloodstained altar of Trog.
    68 | D        | Found a hide-covered altar of Uskayaw.
    69 | D        | Found a radiant altar of Vehumet.
    70 | D        | Found an ornate altar of the Wu Jian Council.
    71 | D        | Found a shimmering altar of Xom.
    72 | D        | Found a basalt altar of Yredelemnul.
    73 | D        | Found a glowing silver altar of Zin.
    74 | D        | Found a glowing golden altar of the Shining One.
    75 | D        | Became a worshipper of Trog the Wrathful
   188 | D        | Noticed a vampire mosquito
   188 | D        | Noticed a centaur
   188 | D        | Noticed a yak
   188 | D        | Noticed a yak
   193 | D        | Reached skill level 5 in Fighting
   193 | D        | Reached skill level 7 in Staves
   193 | D        | Reached skill level 5 in Dodging
   198 | D        | Killed a vampire mosquito
   199 | D        | Reached skill level 9 in Staves
   199 | D        | Reached XP level 5. HP: 59/61 MP: 5/5
   199 | D        | Reached XP level 6. HP: 66/68 MP: 6/6
   200 | D        | Reached * piety under Trog
   203 | D        | Reached skill level 10 in Staves
   207 | D        | Killed a yak
   208 | D        | Reached skill level 11 in Staves
   208 | D        | Reached XP level 7. HP: 80/81 MP: 7/7
   211 | D        | Killed a yak
   211 | D        | Reached ** piety under Trog
   301 | D        | Noticed a centaur warrior
   301 | D        | Noticed a centaur warrior
   301 | D        | Noticed a basilisk
   301 | D        | Noticed a wraith
   307 | D        | Killed a centaur warrior
   308 | D        | Reached skill level 10 in Fighting
   308 | D        | Reached skill level 13 in Staves
   308 | D        | Reached skill level 5 in Throwing
   308 | D        | Reached XP level 8. HP: 96/96 MP: 8/8
   316 | D        | Killed an unseen horror
   317 | D        | Reached skill level 14 in Staves
   323 | D        | Killed a centaur warrior
   324 | D        | Reached skill level 15 in Staves
   324 | D        | Reached XP level 9. HP: 39/106 MP: 9/9
   329 | D        | HP: 3/107 [basilisk (16)]
   334 | D        | Reached *** piety under Trog
   657 | D        | Noticed a cane toad
   657 | D        | Noticed a cane toad
   657 | D        | Noticed a polar bear
   657 | D        | Noticed a cane toad
   662 | D        | Noticed a cane toad
   668 | D        | Killed a cane toad
   668 | D        | Reached **** piety under Trog
   669 | D        | Reached skill level 16 in Staves
   674 | D        | Killed a cane toad
   684 | D        | Reached XP level 10. HP: 118/120 MP: 10/10
   692 | D        | Killed a cane toad
   696 | D        | Killed a cane toad
   696 | D        | Reached ***** piety under Trog
   697 | D        | Reached skill level 17 in Staves
   697 | D        | Reached skill level 10 in Dodging
   839 | D        | Noticed a boulder beetle
   839 | D        | Noticed a death yak
   839 | D        | Noticed a cane toad
   839 | D        | Noticed a lindwurm
   843 | D        | Noticed a cane toad
   850 | D        | Killed a boulder beetle
   851 | D        | Reached skill level 15 in Fighting
   851 | D        | Noticed a black mamba
   858 | D        | Killed a death yak
   859 | D        | Reached skill level 18 in Staves
   866 | D        | Killed a cane toad
   866 | D        | Received a gift from Trog
   870 | D        | Killed a lindwurm
   881 | D        | Killed a cane toad
   882 | D        | Reached XP level 11. HP: 64/137 MP: 11/11
   898 | D        | Slain by a komodo dragon

Illustrated notes

Levels and vault maps discovered:
D:        linesprint [early_d, line_temple, items_1, d_10, items_2, lair_1,
          lair_end, items_3, orc_1, orc_end, items_4, d_15, swamp_1, shoals_1,
          snake_1, spider_1, d_20, vaults_1, items_5, swamp_end, shoals_end,
          snake_end, spider_end, vaults_end, d_27, items_6, zot_1, zot_end,
          crypt_end, forest_end, elf_end, slime_end, tomb_end, abyss_end,
          pan_hell_end]

Skill      XL: |  1  2  3  4  5  6  7  8  9 10 11 |
---------------+----------------------------------+-----
Fighting       | 4 6 8 10 12 13 16 17 | 17.1
Dodging        | 4 6 8 9 10 | 10.5
Staves         | 5 6 9 11 13 15 16 18 | 18.9
Throwing       | 3 4 5 6 |  6.5
Stealth        | |  0.5

Action                     |  1- 3 |  4- 6 |  7- 9 | 10-12 || total
---------------------------+-------+-------+-------+-------++-------
  Melee: Quarterstaff      |    31 |    22 |    57 |    69 ||   179
  Throw: Throwing net      |     2 |       |       |       ||     2
 Invoke: Berserk           |       |       |     2 |     1 ||     3
    Use: Potion            |       |     1 |     1 |     1 ||     3
 Armour: Robe              |    10 |     1 |     4 |     1 ||    16
  Dodge: Dodged            |    18 |     4 |    16 |    18 ||    56
